 Dungeon Sprint DCSS version 0.23-a0-151-gf6d1ed2 (webtiles) character file.

5 Kidiri the Cudgeler (level 1, 0/22 HPs)
             Began as a Troll Berserker on Sept 8, 2018.
             Was a Believer of Trog.
             Slain by a sky beast (5 damage)
             ... in the Dungeon (Sprint IX: "|||||||||||||||||||||||||||||").
             The game lasted 00:00:27 (43 turns).

Kidiri the Cudgeler (Troll Berserker)                 Turns: 43, Time: 00:00:28

Health: 0/22       AC:  5    Str: 24    XL:     1   Next: 66%
Magic:  0/0        EV: 10    Int:  3    God:    Trog [**....]
Gold:   0          SH:  0    Dex:  9    Spells: 0/0 levels left

rFire    . . .     SeeInvis .   a - +0 mace
rCold    . . .     Gourm    +   (no shield)
rNeg     . . .     Faith    .   b - +0 animal skin
rPois    .         Spirit   .   (helmet restricted)
rElec    .         Reflect  .   (no cloak)
rCorr    .         Harm     .   (gloves unavailable)
MR       .....     NoTele   +   (boots unavailable)
Stlth    +.........             (no amulet)
HPRegen  0.47/turn              (no ring)
MPRegen  0.07/turn              (no ring)

@: berserk cooldown, slowed, very slow
A: large, unfitting armour, claws 3, fast metabolism 3, gourmand, regeneration
1, shaggy fur 1, tough skin 2
a: Berserk, Trog's Hand, Renounce Religion


You were in the Dungeon.
You worshipped Trog.
Trog was pleased with you.
You were not hungry.

You visited 1 branch

Inventory:

Hand Weapons
 a - a +0 mace (weapon)
Armour
 b - a +0 animal skin (worn)
Scrolls
 i - a scroll of blinking
Potions
 d - a potion of curing
 f - a potion of haste
 g - 2 potions of magic
 h - a potion of berserk rage
Comestibles
 c - 2 rations
 j - 5 chunks of flesh


   Skills:
 * Level 2.9 Fighting
 * Level 3.2 Maces & Flails
 + Level 0.8 Armour
 + Level 2.7 Dodging


You couldn't memorise any spells.
You didn't know any spells.
Your spell library was empty.

Dungeon Overview and Level Annotations

Branches:
Dungeon (1/1)

Altars:


Innate Abilities, Weirdness & Mutations

You are too large for most types of armour.
You have claws for hands.
Your metabolism is lightning-fast.
You like to eat raw meat.
Your natural rate of healing is unusually fast.
You are covered in fur. (AC +1)
You have very tough skin. (AC +2)


Message History

You are exhausted.
You feel yourself slow down. Something hits you.
* * * LOW HITPOINT WARNING * * *
Something shocks you.
* * * LOW HITPOINT WARNING * * *
Unknown command.
You feel much better.
A sky beast appears from thin air!
Reactivating autopickup.
The sky beast hits you but does no damage.
You closely miss the sky beast.
The sky beast is severely wounded.
The sky beast hits you. The sky beast shocks you. The sky beast hits you.
The sky beast shocks you.
* * * LOW HITPOINT WARNING * * *
You barely miss the sky beast.
The sky beast is severely wounded.
The sky beast hits you.
* * * LOW HITPOINT WARNING * * *
The sky beast shocks you.
You die... ▓▓▓▓▓▓▓▓▓▓▓▓▓▓▓▓▓▓ ▓<...')...@Yollh.+ ▓▓▓▓▓▓▓▓▓▓▓▓▓▓▓▓▓▓

You could see a sky beast, an iguana, a hound, an orc and a leopard gecko.

Vanquished Creatures
  2 bats (D)
  2 hobgoblins (D)
  A rat (D)
5 creatures vanquished.

Notes
Turn   | Place    | Note
-------+----------+-------------------------------------------
     0 | D        | Kidiri the Troll Berserker began the quest for the Orb.
     0 | D        | Reached XP level 1. HP: 22/22 MP: 0/0
     9 | D        | Reached skill level 3 in Maces & Flails
    10 | D        | Reached ** piety under Trog
    24 | D        | Noticed a sky beast
    24 | D        | Noticed an iguana
    24 | D        | Noticed a hound
    40 | D        | HP: 1/22 [something (5)]
    43 | D        | Slain by a sky beast

Vault maps used:
D:        linesprint

Skill      XL: |  1 |
---------------+----+-----
Maces & Flails | 3 |  3.2
Fighting       | |  2.9
Armour         | |  0.8
Dodging        | |  2.7

Action                   || total
-------------------------++-------
Melee: Mace              ||    27
Invok: Berserk           ||     1
  Use: Potion            ||     1
Armor: Animal skin       ||    14
Dodge: Dodged            ||    13

Table legend:
 A = Non-vault XP
 B = Vault XP
 C = Vault XP percentage of total XP
 D = Non-vault monster count
 E = Vault monster count
 F = Vault count percentage of total count
                 A         B        C        D         E       F
            +---------+---------+-------+---------+---------+-------
      Total |       0 |       8 | 100.0 |       0 |       5 | 100.0
            +---------+---------+-------+---------+---------+-------
          D |       0 |       8 | 100.0 |       0 |       5 | 100.0
            +---------+---------+-------+---------+---------+-------
